 Dungeon Crawl Stone Soup version 0.30-a0-4-ga7cffc901d (webtiles) character file.

Game seed: 12425246862511874993

25 gelatine the Firebug (level 2, -1/19 HPs)
             Began as a Demonspawn Fire Elementalist on Aug 22, 2022.
             Succumbed to an adder's poison
             ... on level 2 of the Dungeon.
             The game lasted 00:02:20 (1104 turns).

gelatine the Firebug (Demonspawn Fire Elementalist) Turns: 1104, Time: 00:02:21

Health: -1/19      AC:  2    Str:  8    XL:     2   Next: 86%
Magic:  1/5        EV: 12    Int: 16    God:
Gold:   42         SH:  0    Dex: 13    Spells: 2/5 levels left

rFire   . . .      SeeInvis +    c - +0 hand axe
rCold   . . .      Faith    .    (no shield)
rNeg    . . .      Spirit   .    a - +0 robe
rPois   .          Reflect  .    (no helmet)
rElec   .          Harm     .    (no cloak)
rCorr   .          Rampage  .    (no gloves)
Will    .....                    (no boots)
Stlth   ++........               (no amulet)
HPRegen 0.06/turn                e - ring of see invisible
MPRegen 0.09/turn                (no ring)

@: lethally poisoned (-1 -> -13)
A: demonic magic 1
a: no special abilities


You were on level 2 of the Dungeon.
You visited 1 branch of the dungeon, and saw 2 of its levels.

You collected 42 gold pieces.

Inventory:

Hand Weapons
 c - a +0 hand axe (weapon)
Armour
 a - a +0 robe (worn)
Jewellery
 e - a ring of see invisible (left hand)
Scrolls
 f - a scroll of fog {unknown}
 g - 2 scrolls of vulnerability {unknown}
 h - a scroll of poison {unknown}
 i - a scroll of identify {unknown}
Potions
 b - a potion of magic
 d - a potion of degeneration {unknown}
 j - a potion of lignification {unknown}


   Skills:
 + Level 0.2 Axes
 + Level 2.0 Dodging
 + Level 1.9 Stealth
 + Level 2.2 Spellcasting
 + Level 1.6 Conjurations
 + Level 3.0 Fire Magic


You had 2 spell levels left.
You knew the following spells:

 Your Spells              Type           Power      Damage    Failure   Level
a - Foxfire               Conj/Fire      36%        2x1d5     8%          1
b - Scorch                Fire           22%        2d6       9%          2

Your spell library contained the following spells:

 Spells                   Type           Power      Damage    Failure   Level
 Apportation              Tloc           2%         N/A       21%         1
 Conjure Flame            Conj/Fire      9%         6-21      24%         3
 Inner Flame              Hex/Fire       6%         N/A       32%         3
 Flame Wave               Conj/Fire      9%         2d6       61%         4
 Alistair's Intoxication  Tmut/Pois      0%         N/A       99%         5


Dungeon Overview and Level Annotations

Branches:
Dungeon (2/15)

Altars:


Innate Abilities, Weirdness & Mutations

Spells you cast may paralyse adjacent enemies.


Message History

You closely miss the jackal. The jackal barely misses you.
The jackal closely misses you.
You closely miss the jackal. The jackal bites you.
You barely miss the jackal. The jackal bites you.
The jackal bites you but does no damage.
You conjure some foxfire!
Malevolent energies surge around you. The jackal bites you.
The jackal barely misses you.
You hit the jackal.
The jackal is almost dead.
The foxfire hits the jackal.
You kill the jackal!
You start resting.
Your foxfire dissipates!
You start resting.
An adder comes into view.
You are too injured to fight recklessly!
Casting: Foxfire (safe; 8% risk of failure)
Confirm with . or Enter, or press ? or * to list all spells.
You conjure some foxfire!
Malevolent energies surge around you.
The adder hisses angrily.
The foxfire hits the adder.
The adder is lightly wounded.
The foxfire hits the adder but does no damage.
The adder is lightly wounded.
The adder barely misses you. x2
You hit the adder.
The adder is moderately wounded.
The adder bites you.
You are lethally poisoned!
The adder poisons you!
You hit the adder.
The adder is severely wounded.
* * * LOW HITPOINT WARNING * * *
You feel sick. The adder bites you.
* * * LOW HITPOINT WARNING * * *
You are more poisoned.
The adder poisons you! The adder bites you but does no damage.
You hit the adder.
The adder is almost dead.
You die...

#. #.# #..#
#.##########
#####..........##
..##............#
#.#.............. .
#.#...†S@.=<.....
....###.#..............
.....[.....†.........S.
.h(.##.................
. ##.....<.........#
....#.....†......##
..##.###...#..##### #.
... ..#.##.# .
......##.# .#


You could see an adder and a ball python (asleep).

Vanquished Creatures
  An adder (D:2)
  An endoplasm (D:1)
  3 giant cockroaches
  A hobgoblin (D:1)
  3 jackals (D:2)
  3 ball pythons
  3 kobolds (D:1)
15 creatures vanquished.

Vanquished Creatures (others)
  51 foxfires
51 creatures vanquished.

Grand Total: 66 creatures vanquished

Notes
Turn   | Place    | Note
-------+----------+-------------------------------------------
     0 | D:1      | gelatine the Demonspawn Fire Elementalist began the quest
                  | for the Orb.
     0 | D:1      | Reached XP level 1. HP: 13/13 MP: 3/3
   181 | D:1      | Found a faded altar of an unknown god.
   556 | D:1      | Gained mutation: Spells you cast may paralyse adjacent
                  | enemies. [demonic ancestry]
   556 | D:1      | Reached XP level 2. HP: 13/19 MP: 1/5
  1012 | D:2      | Learned a level 2 spell: Scorch
  1023 | D:2      | Reached skill level 3 in Fire Magic
  1104 | D:2      | Succumbed to an adder's poison

Illustrated notes

Levels and vault maps discovered:
D:1:      lemuel_arrival_river_ford, layout_basic,
          shapermc_ecumenical_altar_starsandcircs
D:2:      layout_rooms

Skill      XL: |  1  2 |
---------------+-------+-----
Dodging        | 2 |  2.0
Fire Magic     | 3 |  3.0
Axes           | |  0.2
Stealth        | |  1.9
Spellcasting   | |  2.2
Conjurations   | |  1.6

Action                   || total
-------------------------++-------
Melee: Hand axe          ||    28
 Cast: Foxfire           ||    29
Armor: Robe              ||     7
Dodge: Dodged            ||    24

Table legend: (Time is in decaauts)
 A = Elapsed time spent in this place.
 B = Non-inter-level travel time spent in this place.
 C = Inter-level travel time spent in this place.
 D = Time resting spent in this place.
 E = Time spent auto-exploring this place.
 F = Levels seen in this place.
 G = Mean time per level.
                   A        B        C        D        E       F      G
               +--------+--------+--------+--------+--------+-----+--------+
         Total |   1120 |    986 |    134 |     36 |    768 |   2 |  560.0 |
       Dungeon |   1120 |    986 |    134 |     36 |    768 |   2 |  560.0 |
               +--------+--------+--------+--------+--------+-----+--------+

Top non-repeatable levels by time:
     D:1: 1017 daAuts
     D:2: 102 daAuts
